 Dungeon Crawl Stone Soup version 0.18.1-6-gd335043 (webtiles) character file.

284 oplop the Grasshopper (level 6, 0/28 HPs)
             Began as a Felid Warper on May 20, 2016.
             Was an Initiate of Gozag.
             Slain by a scorpion (8 damage)
             ... on level 5 of the Dungeon.
             The game lasted 00:10:25 (5102 turns).

oplop the Grasshopper (Felid Warper)                Turns: 5102, Time: 00:10:25

Health: 0/28       AC:  2    Str: 11    XL:     6   Next: 7%
Magic:  10/10      EV: 20    Int: 20    God:    Gozag
Gold:   534        SH:  0    Dex: 17    Spells: 3 memorised, 4 levels left
                                        Lives:  0   Deaths: 1

rFire  . . .     SeeInvis +       - Unarmed
rCold  . . .     Gourm    .     (armour unavailable)
rNeg   . . .     Faith    .     (shield unavailable)
rPois  .         Spirit   .     (helmet unavailable)
rElec  .         Dismiss  .     (cloak unavailable)
rCorr  .         Reflect  .     (gloves unavailable)
SustAt .         Harm     .     (boots unavailable)
MR     .....                    (no amulet)
Stlth  +++.......               (no ring)
                                o - +4 ring of strength

@: brilliant, lethally poisoned (0 -> -7), hasted, very quick, not resistant to
hostile enchantments, fairly stealthy
A: no armour, no weapons or thrown items, claws 1, fangs 3, see invisible,
carnivore 3, speed 1, shaggy fur 2, slow metabolism 1, sharp paws
a: Potion Petition, Call Merchant, Bribe Branch, Renounce Religion


You were on level 5 of the Dungeon.
You worshipped Gozag.
Gozag was noncommittal.
You were not hungry.

You visited 1 branch of the dungeon, and saw 5 of its levels.

You collected 534 gold pieces.

Inventory:

Jewellery
 o - a +4 ring of strength (left paw)
Wands
 s - a wand of acid (11/15)
Scrolls
 b - 3 scrolls of blinking
 e - 4 scrolls of magic mapping {unknown}
 f - 4 scrolls of enchant armour {unknown}
 g - 4 scrolls of remove curse {unknown}
 h - 2 scrolls of noise {unknown}
 k - 6 scrolls of identify {unknown}
 q - a scroll of fear {unknown}
 r - a scroll of fog {unknown}
 t - a scroll of teleportation {unknown}
Potions
 d - a potion of might
 m - a potion of heal wounds {unknown}
 n - a potion of degeneration {unknown}
Books
 a - a book of Spatial Translocations

   Spells                             Type                      Level
   a - Apportation                    Translocation                1
   b - Blink                          Translocation                2
   c - Shroud of Golubria             Charms/Translocation         2
   d - Portal Projectile              Translocation                3
   e - Teleport Other                 Translocation                3
   f - Passage of Golubria            Translocation                4
Comestibles
 c - 5 meat rations
 j - a royal jelly
 p - 2 beef jerkies


   Skills:
 + Level 3.3 Fighting
 + Level 4.9 Dodging
 + Level 4.3 Stealth
 + Level 3.2 Unarmed Combat
 - Level 2.4 Spellcasting
 - Level 1.0 Charms
 - Level 5.1 Translocations


You had 4 spell levels left.
You knew the following spells:

 Your Spells              Type           Power        Failure   Level  Hunger
a - Apportation           Tloc           #####.....   1%          1    #......
b - Shroud of Golubria    Chrm/Tloc      ####......   1%          2    ##.....
c - Blink                 Tloc           N/A          1%          2    ##.....


Dungeon Overview and Level Annotations

Branches:
Dungeon (5/15)
 Temple: D:4-7

Altars:
Cheibriados
Elyvilon
Fedhas
Gozag
Kikubaaqudgha
Ru
Trog
Yredelemnul

Shops:
D:5 }

Annotations:
D:4 Kite's ghost, amateur GrEE
D:5 exclusions: 2 gnolls and gnoll shaman


Innate Abilities, Weirdness & Mutations

You cannot wear armour.
You are incapable of wielding weapons or throwing items.
You have sharp claws.
You have razor-sharp teeth.
You have supernaturally acute eyesight.
You are carnivorous and can eat meat at any time.
You cover ground quickly.
You are covered in thick fur (AC +2).
You have a slow metabolism.
Your sharp claws are effective at attacking unaware monsters.


Message History

The scorpion is almost dead.
You feel sick. The scorpion stings you!
You closely miss the scorpion. Your claw misses the scorpion.
The scorpion is almost dead.
You feel sick. The scorpion stings you.
You scratch the scorpion but do no damage.
The scorpion is almost dead.
You feel sick. The scorpion completely misses you.
You scratch the scorpion.
The scorpion is almost dead.
You feel sick. The scorpion completely misses you.
Drink which item? (? for menu, Esc to quit)
It was a potion of brilliance.
You feel clever all of a sudden.
* * * LOW HITPOINT WARNING * * *
You feel sick. The scorpion barely misses you.
Drink which item? (? for menu, Esc to quit)
It was a potion of haste.
You feel yourself speed up. The scorpion stings you!
You die...
Your body crumbles into a pile of gold.

#### #... ################ #.##
#.......#......# #.#
#.......#.#.###### #.#
#[......#.#.#....# ##########.#
#.......#.#.#.##.####........#.#
##...####.#.#..#.#.##........#.##
.'........#.##.#@#.''............
##...####.#....#s#.##...........#
##...###########.#.##.......##..#
.(......# ..#.##.......##..#
#######.### ###.##.......##..#
..........# #....!.......>.#
#######...# #..........###.#
.........## ###....$...# #.#
..........# #.#......g.. #


You could see a scorpion.

Vanquished Creatures
  A howler monkey (D:4)
  A hound (D:5)
  3 worker ants (D:4)
  8 adders
  An ooze (D:2)
  2 worms
  5 dart slugs
  2 giant geckos
  14 orcs
  3 giant cockroaches
  13 goblins
  4 hobgoblins
  6 jackals (D:5)
  6 kobolds
  3 ball pythons
  9 bats
  4 giant newts
  3 rats
88 creatures vanquished.

Notes
Turn   | Place    | Note
--------------------------------------------------------------
     0 | D:1      | oplop the Felid Warper began the quest for the Orb.
     0 | D:1      | Reached XP level 1. HP: 9/9 MP: 4/4
   274 | D:1      | Reached XP level 2. HP: 7/13 MP: 6/6
   615 | D:1      | Learned a level 2 spell: Shroud of Golubria
   630 | D:1      | Reached skill level 5 in Translocations
   873 | D:2      | Reached XP level 3. HP: 16/16 MP: 4/7
  1149 | D:2      | Reached skill level 1 in Stealth
  1348 | D:2      | Reached XP level 4. HP: 16/19 MP: 5/8
  1378 | D:2      | Learned a level 2 spell: Blink
  1489 | D:2      | Reached skill level 1 in Charms
  2019 | D:2      | Slain by an orc
  2020 | D:2      | Reached XP level 3. HP: -1/16 MP: 6/7
  2576 | D:3      | Found a faded altar to an unknown god.
  2587 | D:3      | Became a worshipper of Gozag Ym Sagoz the Greedy
  3028 | D:3      | Reached XP level 4. HP: 20/20 MP: 8/8
  3281 | D:4      | Noticed Kite's ghost (amateur GrEE)
  3345 | D:4      | Found a white marble altar of Elyvilon.
  3494 | D:4      | Reached XP level 5. HP: 9/24 MP: 7/9
  3504 | D:4      | HP: 1/24 [worker ant (3)]
  3932 | D:4      | Found an ancient bone altar of Kikubaaqudgha.
  4336 | D:5      | Entered Level 5 of the Dungeon
  4401 | D:5      | Found a bloodstained altar of Trog.
  4401 | D:5      | Found Xahi's Gadget Boutique.
  4401 | D:5      | Found a basalt altar of Yredelemnul.
  4404 | D:5      | Found a snail-covered altar of Cheibriados.
  4489 | D:5      | Found a blossoming altar of Fedhas.
  4490 | D:5      | Found a sacrificial altar of Ru.
  4980 | D:5      | Gained mutation: You are covered in thick fur (AC +2). [Felid growth]
  4980 | D:5      | Reached XP level 6. HP: 28/28 MP: 10/10
  5102 | D:5      | Slain by a scorpion

Skill      XL: |  1  2  3  4  5 |
---------------+----------------+-----
Translocations | 5 |  5.1
Stealth        | 3 4 |  4.3
Charms         | 1 |  1.0
Dodging        | 4 |  4.9
Fighting       | 3 |  3.3
Unarmed Combat | 3 |  3.2
Spellcasting   | |  2.4

Action                   |  1- 3 |  4- 6 || total
-------------------------+-------+-------++-------
Melee: Unarmed           |   169 |   137 ||   306
       Bite              |     7 |    11 ||    18
       Punch             |       |     1 ||     1
 Cast: Apportation       |     1 |       ||     1
       Shroud of Golubri |    12 |    10 ||    22
  Use: Potion            |       |     3 ||     3
 Stab: Sleeping          |     9 |     6 ||    15
       Distracted        |     1 |     1 ||     2
  Eat: Chunk             |    15 |     1 ||    16
Armor: Skin              |    10 |     2 ||    12
Dodge: Dodged            |   121 |   132 ||   253
